 Dungeon Crawl Stone Soup version 0.17-a0-1-g1f4be75 (console) character file.

3952 MarvinPA the Reanimator (level 10, -5/73 HPs)
             Began as a Mummy Necromancer on Mar 3, 2015.
             Was an Initiate of Gozag.
             Shot with a sling bullet by Joseph (19 damage)
             ... on level 8 of the Dungeon.
             The game lasted 00:27:19 (10446 turns).

MarvinPA the Reanimator (Mummy Necromancer)        Turns: 10446, Time: 00:27:19

Health: -5/73      AC:  4    Str: 11    XL:     10   Next: 2%
Magic:  6/24       EV: 15    Int: 21    God:    Gozag
Gold:   1615       SH:  0    Dex: 12    Spells: 3 memorised, 13 levels left

rFire  x . .     SeeInvis .     a - +2 spear (venom)
rCold  + . .     Clarity  +     g - +0 robe
rNeg   + + +     SustAb   .     (no shield)
rPois  ∞         Gourm    .     (no helmet)
rElec  .         Spirit   .     q - +1 cloak (curse)
rCorr  .         Warding  .     (no gloves)
rMut   .         Stasis   .     (no boots)
MR     +....                    k - amulet of clarity
Stlth  ++........               u - ring of wizardry
                                l - +4 ring of intelligence

@: somewhat resistant to hostile enchantments, unstealthy
A: no food or potions, fire vulnerability, restore body, cold resistance 1,
negative energy resistance 3, poison resistance, torment resistance, unbreathing
a: Potion Petition, Call Merchant, Bribe Branch, Renounce Religion


You were on level 8 of the Dungeon.
You worshipped Gozag.
Gozag was noncommittal.
You were not hungry.

You visited 2 branches of the dungeon, and saw 9 of its levels.
You also visited: Ossuary.

You collected 1814 gold pieces.
You paid 199 gold pieces to Gozag.


Innate Abilities, Weirdness & Mutations

You do not eat or drink.
Your flesh is vulnerable to fire.
Your flesh is cold resistant.
You are immune to negative energy.
Your system is resistant to poisons.
You are immune to unholy pain and torment.
You can survive without breathing.


   Skills:
 + Level 4.4 Fighting
 + Level 6.9 Dodging
 - Level 1.5 Stealth
 - Level 6.0 Spellcasting
 - Level 10.0 Necromancy


You had 13 spell levels left.
You knew the following spells:

 Your Spells              Type           Power        Failure   Level  Hunger
x - Vampiric Draining     Necr           #####.....   1%          3    N/A
z - Pain                  Necr           ####         1%          1    N/A
Z - Control Undead        Necr           #####.....   1%          4    N/A

Inventory:

Hand weapons
 a - a +2 spear of venom (weapon)
 b - a +4 quarterstaff of chaos
 c - a +0 blowgun
Missiles
 f - 3 throwing nets {=f}
 t - 7 curare-tipped needles {=f}
Armour
 g - a +0 robe (worn)
 q - a cursed +1 cloak (worn)
Jewellery
 k - an amulet of clarity (around neck)
 l - a +4 ring of intelligence (left hand)
 n - an amulet of stasis
 u - a ring of wizardry (right hand)
Scrolls
 d - a scroll of fog
 e - 2 scrolls of recharging
 h - 2 scrolls of enchant armour
 i - 8 scrolls of teleportation {@r4}
 j - 2 scrolls of magic mapping
 m - a scroll of enchant weapon
 o - 4 scrolls of identify {@r1}
 p - 2 scrolls of blinking
 s - 3 scrolls of remove curse
Books
 r - a book of Necromancy

Dungeon Overview and Level Annotations

Branches:
Dungeon (8/15)             Temple (1/1) D:5            Lair (0/8) D:8

Altars:
Ashenzari
Cheibriados
Dithmenos
Elyvilon
Fedhas
Gozag
Kikubaaqudgha
Makhleb
Nemelex Xobeh
Okawaru
Qazlal
Ru
Sif Muna
Trog
Vehumet
Xom
Yredelemnul
Zin
The Shining One

Annotations:
D:8 Gastronok, Joseph

#.# #.>.#.... #.#
#..###... #.# #..# ##.#
#<# #..## #.# #.# #..#
##(# #£# #..# #(.# #.#
#..# #.## #£# #..# #.#
#####M# #..# #.#
#.....# ...# #.#
.###.###@# ##.#.# ##(#
.........# #..#.# #..#
.........# #.##.# #.##
......(P# #.##.# #.#
........# #.##.# #.#
.......£.####.##.# #.#
.
..!.....£rh..##.###.#.#


You could see Joseph and an active ballistomycete.


Message History

You can't see any susceptible monsters within range! (Use Z to cast anyway.)
You now have 1615 gold pieces (gained 21).
You see here 6 gold pieces.
You hit the crimson imp.
The crimson imp is lightly wounded.
The crimson imp spits at you. The crimson imp hits you.
You hit the crimson imp but do no damage.
The crimson imp is lightly wounded.
The crimson imp closely misses you.
Your +2 spear of venom stops dripping with poison.
It is briefly surrounded by a scintillating aura of random colours.
b - a +4 quarterstaff of chaos (weapon)
The crimson imp hits you.
* * * LOW HITPOINT WARNING * * *
You closely miss the crimson imp. The crimson imp misses you.
You sock the crimson imp! You freeze the crimson imp!
You kill the crimson imp!
It begins to drip with poison!
a - a +2 spear of venom (weapon)
Joseph, a Mercenary comes into view.
He is wielding an enchanted quarterstaff.
Joseph shouts!
Joseph hits you with an enchanted quarterstaff!!
* * * LOW HITPOINT WARNING * * *
Joseph completely misses you.
Joseph unwields an enchanted quarterstaff.
Joseph wields a hunting sling.
Joseph shoots a sling bullet.
The sling bullet hits you!!
You die...
Your body crumbles into a pile of gold.

Action                   |  1- 3 |  4- 6 |  7- 9 | 10-12 || total
-------------------------+-------+-------+-------+-------++-------
Melee: Unarmed           |    17 |       |       |       ||    17
       Whip              |     6 |       |       |       ||     6
       Dagger            |     1 |    85 |    93 |       ||   179
       Quarterstaff      |       |    15 |    40 |     2 ||    57
       Spear             |       |       |    56 |     2 ||    58
 Cast: Pain              |    75 |   110 |   241 |       ||   426
       Control Undead    |       |     4 |     1 |       ||     5
       Vampiric Draining |       |     3 |    63 |     4 ||    70
  Use: Scroll            |       |    11 |     3 |       ||    14
 Stab: Sleeping          |       |       |     1 |       ||     1

Vault maps used:
D:1:      dpeg_arrival_refuge
D:2:      first_bread
D:3:      lemuel_coloured_pillars_altar, minmay_misc_feat_five, uniq_jessica,
          uniq_crazy_yiuf_cottage
D:4:      nicolae_ossuary_entry_false_entrances, serial_bayou,
          serial_bayou_crossing, serial_bayou_pond_a, serial_bayou_lagoon_a,
          serial_bayou_pond_a, serial_bayou_pond_b
D:5:      minmay_goblin_kobold_castle, minmay_temple_entry_statues_fountains,
          uniq_pikel
D:8:      dpeg_lair_monsters, serial_shops, shop, uniq_gastronok, uniq_grum,
          uniq_duvessa, uniq_joseph
Temple:   kilobyte_greek_temple_18
Ossuary:  ossuary_minmay_tomb_2a

Notes
Turn   | Place    | Note
--------------------------------------------------------------
     0 | D:1      | MarvinPA, the Mummy Necromancer, began the quest for the Orb.
     0 | D:1      | Reached XP level 1. HP: 13/13 MP: 3/3
    41 | D:2      | HP: 1/13 [jackal (2)]
   523 | D:2      | mauris: MuNe makes the world go round
   523 | D:2      | its good because im going gozag!!!
   524 | D:2      | Reached XP level 2. HP: 17/19 MP: 0/5
   555 | D:2      | mauris: hahaha
   849 | D:1      | Reached XP level 3. HP: 24/24 MP: 3/6
  1626 | D:1      | Reached skill level 3 in Spellcasting
  1756 | D:1      | Learned a level 3 spell: Vampiric Draining
  2155 | D:2      | Reached XP level 4. HP: 30/30 MP: 7/9
  2159 | D:2      | Reached skill level 5 in Necromancy
  2433 | D:3      | Noticed Jessica
  2435 | D:3      | Killed Jessica
  2854 | D:3      | Noticed Crazy Yiuf
  2865 | D:3      | Killed Crazy Yiuf
  2865 | D:3      | Reached XP level 5. HP: 35/35 MP: 4/11
  3149 | D:3      | Found an ancient bone altar of Kikubaaqudgha.
  3331 | D:4      | Found a sand-covered staircase.
  3380 | D:4      | what
  3625 | D:4      | Learned a level 4 spell: Control Undead
  3626 | Ossuary  | Entered an ossuary
  3628 | Ossuary  | good
  3631 | Ossuary  | nice, i like how they're my zombies even before the message happens
  3693 | Ossuary  | Reached skill level 4 in Spellcasting
  3697 | Ossuary  | Reached skill level 6 in Necromancy
  3697 | Ossuary  | Reached XP level 6. HP: 21/41 MP: 10/15
  4790 | D:5      | Entered Level 5 of the Dungeon
  4793 | D:5      | Found a staircase to the Ecumenical Temple.
  4804 | Temple   | Entered the Ecumenical Temple
  4958 | Temple   | Became a worshipper of Gozag Ym Sagoz the Greedy
  5295 | D:5      | Noticed Pikel
  5305 | D:5      | Killed Pikel
  5305 | D:5      | Reached skill level 6 in Spellcasting
  5305 | D:5      | Reached skill level 7 in Necromancy
  5305 | D:5      | Reached XP level 7. HP: 23/46 MP: 10/20
  5527 | D:5      | Reached skill level 2 in Dodging
  5527 | D:5      | Reached skill level 8 in Necromancy
  5527 | D:5      | Reached XP level 8. HP: 29/52 MP: 11/21
  6294 | D:5      | Reached skill level 3 in Dodging
  7069 | D:5      | Reached skill level 4 in Dodging
  7286 | D:6      | Reached skill level 9 in Necromancy
  7472 | D:6      | Reached XP level 9. HP: 30/57 MP: 6/22
  8152 | D:6      | Reached skill level 5 in Dodging
  8923 | D:7      | Reached skill level 10 in Necromancy
  9030 | D:7      | Reached skill level 1 in Fighting
  9644 | D:8      | Noticed Duvessa
  9651 | D:8      | Noticed Dowan
  9658 | D:8      | Killed Duvessa
  9658 | D:8      | Reached skill level 2 in Fighting
  9662 | D:8      | Reached skill level 6 in Dodging
  9674 | D:8      | Killed Dowan
  9918 | D:8      | Reached skill level 3 in Fighting
 10125 | D:8      | Noticed Grum
 10127 | D:8      | Found a staircase to the Lair.
 10135 | D:8      | Noticed a spiny frog
 10135 | D:8      | Noticed Gastronok
 10135 | D:8      | Killed Grum
 10296 | D:7      | Killed a spiny frog
 10296 | D:7      | Reached skill level 4 in Fighting
 10425 | D:8      | Reached XP level 10. HP: 26/73 MP: 14/24
 10442 | D:8      | Noticed Joseph
 10446 | D:8      | Shot with a sling bullet by Joseph

Vanquished Creatures
  Pikel (D:5)
  A spiny frog (D:7)
  A hippogriff (D:8)
  Grum (D:8)
  A wolf (D:8)
  A porcupine (D:8)
  4 centaurs
  An orc warrior (D:6)
  An ogre (D:6)
  Duvessa (D:8)
  2 elf zombies (Ossuary)
  2 gnoll sergeants
  3 big kobolds (D:5)
  3 scorpions
  5 giant frogs
  A quasit (D:7)
  2 crimson imps
  2 orc priests
  5 hounds
  Crazy Yiuf (D:3)
  2 giant frog skeletons
  A centaur skeleton (D:6)
  5 orc wizards
  4 worker ants
  2 iguanas
  A hell rat (D:8)
  Jessica (D:3)
  A hound skeleton (D:7)
  2 hound zombies (Ossuary)
  2 mummies
  7 adders
  23 gnolls
  2 shadow imps
  A giant mite (D:1)
  A worm (D:3)
  An adder zombie (D:6)
  3 giant geckos
  An ooze (D:5)
  28 orcs
  A bat skeleton (D:5)
  3 bat zombies
  8 giant cockroaches
  33 hobgoblins
  10 jackals
  5 quokkas
  A ball python (D:1)
  17 bats
  3 giant newts
  29 goblins
  2 hobgoblin zombies (Ossuary)
  A jackal skeleton (D:4)
  A jackal zombie (Ossuary)
  23 kobolds
  A kobold zombie (Ossuary)
  16 rats
  A ballistomycete (D:8)
  A plant (D:4)
283 creatures vanquished.

Vanquished Creatures (collateral kills)
  An elf zombie (Ossuary)
  Dowan (D:8)
  A human zombie (Ossuary)
  A big kobold zombie (Ossuary)
  3 mummies (Ossuary)
  An orc (D:6)
  A gnoll zombie (Ossuary)
9 creatures vanquished.

Vanquished Creatures (others)
  3 slaves (D:5)
  A giant frog (D:8)
  A crimson imp (D:5)
  An iguana (D:5)
  A gnoll (D:5)
  A giant mite (D:5)
  A bat (D:8)
  2 goblins (D:5)
  5 hobgoblins (D:5)
  A giant gecko zombie (D:5)
  3 giant spores (D:8)
  2 kobolds
22 creatures vanquished.

Grand Total: 314 creatures vanquished
